cohdb
Replays
Latest Replays
All Replays
Popular Replays
Top Player Replays
Match Explorer
How It Works
Community
CoH3 Stats
Reddit
Sign in to upload your games and track your stats! →
Sign in with Steam
Match 43145276
Unlisted
Match 43145276
Overview
Messages
Build Orders
End
Kradschützen Motorcycle Team
Selects Italian Infantry
Panzergrenadier Squad
Panzergrenadier Squad
Construct Light Support Kompanie
MG34 Team
MG34 Team
Construct Mechanized Kompanie
Panzerjäger Mechanized Group
Combat Half-tracks
Support Armor Elements
Selects Guastatori Squad
StuG III D Assault Gun
Guastatori Squad
Selects Registered Artillery
2.5-tonne Medical Truck
StuG III D Assault Gun
Selects Defensive Operations
Registered Artillery
Marder III Tank Destroyer
Marder III Tank Destroyer
Selects Defensive Operations
Selects Territory Booby Traps
Registered Artillery
Guastatori Squad
Selects Propaganda War
Selects Propaganda War
Construct Panzerarmee Kommand
Construct Panzerarmee Kommand
Propaganda War
Flak 36 Anti-tank Gun Team
Armored Reserves
Panzer III Assault Group
Propaganda War
琪露诺
FunkDoctor69
Tok3n x Operator
TechT0nic
0
0
Comments
sign in to comment!
No comments posted yet!